Map: 16-Bit LE

Players

prChaos

  • Race: Protoss Protoss
  • League: Silver
  • Spawn Location: 1:00

turok - Winner!

  • Race: Zerg Zerg
  • League: Silver
  • Spawn Location: 7:00

VOD

Have the link to the VOD?

Description

Time

  • Played on: June 17, 2018, 4:29 p.m.
  • Length: 14:32
Show
View Real Time Build Order
Export as new Build Order

prChaos Protoss 

Build Orders: 1 Gate Expand 

Get SALT Encoding   

  12  0:01  Probe  
  13  0:14  Probe  
  14  0:22  Pylon  
  14  0:27  Probe  
  15  0:40  Probe  
  16  0:49  Gateway  
  16  0:56  Probe  
  17  1:00  Assimilator  
  17  1:10  Probe  
  18  1:22  Pylon  
  18  1:32  Nexus  
  18  1:44  Cybernetics Core  
  18  1:47  Probe  
  18  1:52  Assimilator  
  19  1:59  Probe  
  20  2:10  Gateway  
  20  2:22  Warp Gate  
  20  2:25  Adept  
  22  2:31  Probe  
  23  2:40  Shield Battery  
  23  2:43  Probe  
  24  2:47  Pylon  
  24  2:50  Probe  
  25  2:55  Probe  
  26  3:02  Probe  
  27  3:08  Probe  
  27  3:09  Adept  
  28  3:14  Probe  
  28  3:17  Stalker  
  31  3:26  Probe  
  31  3:42  Probe x2  
  33  3:54  Probe x2  
  35  3:58  Gateway  
  35  4:00  Zealot x2  
  39  4:06  Probe x2  
  41  4:10  Pylon  
  41  4:12  Pylon  
  41  4:18  Probe x2  
  41  4:22  Assimilator  
  43  4:24  Assimilator  
  43  4:27  Zealot, Sentry  
  47  4:33  Probe x2  
  49  4:45  Probe x2  
  51  4:50  Forge  
  51  4:56  Robotics Facility  
  51  4:59  Stargate  
  51  5:08  Nexus  
  51  5:14  Pylon  
  51  5:18  Probe x2  
  53  5:25  Adept x2  
  57  5:32  Protoss Ground Weapons Level 1  
  57  5:36  Probe  
  57  5:40  Probe  
  59  5:47  Stalker  
  59  5:48  Probe  
  62  5:52  Stalker, Probe  
  65  6:00  Probe  
  66  6:09  Zealot  
  68  6:13  Observer  
  68  6:17  Zealot  
  71  6:23  Oracle  
  74  6:26  Probe  
  74  6:30  Probe x2  
  77  6:38  Probe  
  77  6:39  Immortal  
  82  6:42  Probe x2  
  84  6:53  Fleet Beacon  
  84  7:00  Robotics Facility  
  84  7:01  Twilight Council  
  84  7:10  Void Ray  
  84  7:14  Zealot x2  
  92  7:26  Pylon  
  92  7:30  Pylon  
  92  7:36  Probe  
  93  7:40  Pylon x2  
  93  7:44  Zealot, Immortal, Probe x2  
  93  7:48  Stalker x2, Assimilator, Probe  
  106  7:53  Assimilator  
  106  7:56  Probe x2  
  108  8:01  Void Ray  
  112  8:06  Protoss Ground Armor Level 1  
  112  8:09  Immortal  
  112  8:11  Stalker  
  93  9:06  Immortal x2  
  86  9:18  Zealot  
  78  9:25  Carrier  
  84  9:46  Zealot  
  86  9:58  Nexus  
  84  10:07  Immortal, Nexus  
  84  10:12  Immortal  
  18  12:40  Probe  
  13  12:45  Nexus  
  13  12:49  Assimilator  
  13  12:52  Probe  
  13  12:53  Assimilator  
  13  12:54  Pylon  
  13  12:57  Pylon  
  14  12:59  Pylon  
  14  13:04  Probe  
Show
View Real Time Build Order
Export as new Build Order

turok Zerg - Winner!

Build Orders: Pool First 

Get SALT Encoding   

  12  0:01  Drone  
  13  0:08  Drone  
  14  0:18  Overlord  
  14  0:35  Spawning Pool  
  13  0:37  Drone  
  14  0:47  Drone  
  14  0:49  Drone  
  16  1:17  Hatchery  
  15  1:25  Queen  
  17  1:32  Drone  
  18  1:37  Zergling x2  
  18  1:38  Zergling x2  
  20  1:44  Overlord  
  20  2:12  Hatchery  
  19  2:16  Zergling x4  
  19  2:17  Zergling x2  
  22  2:30  Drone x2  
  22  2:32  Queen  
  26  2:46  Drone x5  
  31  2:54  Drone  
  32  3:00  Queen  
  33  3:21  Drone  
  33  3:22  Drone x2  
  33  3:34  Zergling x2  
  33  3:35  Zergling x10  
  38  3:42  Queen  
  38  3:45  Drone  
  38  3:46  Drone  
  38  3:48  Overlord x3  
  42  4:06  Drone  
  42  4:07  Drone x7  
  50  4:13  Zergling x2  
  50  4:14  Zergling x8  
  55  4:25  Zergling x8  
  59  4:35  Hatchery  
  58  4:49  Zergling x2  
  58  4:50  Zergling x14  
  66  4:53  Overlord x3  
  66  5:11  Drone x6  
  72  5:16  Hatchery  
  71  5:26  Zergling x2  
  71  5:27  Zergling x10  
  77  5:37  Drone, Zergling x2  
  77  5:38  Drone x9  
  77  5:39  Overlord  
  88  5:47  Zergling x2  
  79  6:00  Zergling x2  
  79  6:01  Zergling x10  
  82  6:11  Zergling x2  
  82  6:12  Zergling x20  
  82  6:14  Queen  
  95  6:27  Zergling x2  
  95  6:28  Zergling x6  
  99  6:32  Queen  
  99  6:35  Zergling x2  
  99  6:36  Zergling x8  
  99  6:38  Overlord  
  99  6:39  Overlord x5  
  106  6:41  Zergling x8  
  110  6:56  Zergling x2  
  110  6:57  Zergling x10  
  116  7:07  Zergling x6  
  116  7:08  Zergling x10  
  124  7:24  Zergling x2  
  124  7:25  Zergling x32  
  141  7:35  Hatchery x2  
  141  7:36  Hatchery  
  138  7:40  Drone x2  
  140  7:45  Queen  
  140  7:46  Queen  
  144  7:55  Zergling x2  
  144  7:56  Zergling x26  
  158  8:02  Overlord x3  
  158  8:20  Queen  
  158  8:23  Zergling x2  
  158  8:24  Zergling x10  
  166  8:31  Overlord  
  166  8:32  Overlord x9  
  150  8:56  Zergling x12  
  150  8:57  Zergling x24  
  164  9:07  Zergling x2  
  164  9:08  Zergling x8  
  160  9:15  Zergling x12  
  152  9:27  Zergling x2  
  152  9:28  Zergling x16  
  153  9:35  Zergling x2  
  153  9:36  Zergling x12  
  143  9:43  Zergling x2  
  143  9:44  Zergling x14  
  149  10:01  Zergling x6  
  149  10:02  Zergling x36  
  167  10:11  Zergling x14  
  167  10:12  Zergling x12  
  177  10:28  Zergling x28  
  180  10:29  Zergling x2  
  180  10:40  Zergling x20  
  180  10:41  Zergling x2  
  174  10:44  Zergling x6  
  164  10:51  Zergling x2  
  164  10:52  Zergling x12  
  164  10:57  Zergling x8  
  164  10:58  Zergling x2  
  164  11:03  Zergling x2  
  164  11:04  Zergling x8  
  147  11:13  Zergling x2  
  147  11:14  Zergling x14  
  147  11:15  Zergling x2  
  149  11:25  Zergling x16  
  151  11:30  Zergling x2  
  151  11:31  Zergling x8  
  151  11:32  Zergling x2  
  153  11:53  Zergling x2  
  149  11:54  Zergling x30  
  149  11:55  Zergling x4  
  149  11:59  Zergling x6  
  161  12:10  Spore Crawler  
  161  12:14  Spore Crawler x2  
  161  12:15  Zergling x8  
  153  12:16  Zergling x8  
  155  12:26  Zergling x12  
  155  12:27  Zergling x2  
  159  12:36  Zergling x2  
  157  12:37  Zergling x12  
  158  12:47  Queen x2  
  153  13:04  Extractor  
  153  13:05  Extractor  
  149  13:07  Zergling x2  
  149  13:08  Zergling x24  
  157  13:13  Zergling x6  
  156  13:20  Zergling x2  
  156  13:21  Zergling x8  
  156  13:27  Zergling x2  
  156  13:28  Zergling x6  
  151  13:46  Zergling x20  
  151  13:47  Zergling x2  
  161  13:48  Zergling x2  
  161  13:53  Zergling x2  
  161  13:54  Zergling x2  
  159  13:57  Zergling x4  
  157  14:04  Zergling x4  
  157  14:05  Zergling x2  
Tags
 
Add a new tag
Caveats
  • Supply blocks, unpowered buildings, or Contaminate may cause inaccurate times.
  • Supply counts are checked every 10 seconds.